AoeStats
← fat_dgk

MegaRandom

509715327Analyzed
4v4 RM · 4d ago on Sep 27, 2026· 61m 57s· 8 players
Game mode
Random Map
Map size
Large (8 player)
Population
200
Speed
Normal
Resources
Standard
Victory
Conquest
Starting age
Dark Age
Ending age
Imperial Age
RankedLock teamsTeams togetherTeam positionsShared explorationLock speedFull tech treeHidden civsTurbo modeCheats
Victory
Defeat
🇪🇸 Berbers · Spain
1181
+16
🇨🇱 Armenians · Chile
1177
+16
🇳🇴 Burgundians · Norway
1157
+34
🇨🇭 Persians · Switzerland
1149
+18
🇷🇴 Mongols · Romania
1233
-19
🇷🇴 Saxons · Romania
1213
-18
🇷🇴 Varangians · Romania
1176
-16
🇷🇴 Wei · Romania
1115
-14
xalt0s
11:11 Feudal Age
13:47 Loom
17:09 Castle Age
17:55 Scale Barding Armor
18:51 Forging
20:42 Horse Collar
27:26 Husbandry
29:30 Chain Barding Armor
29:34 Gold Mining
31:08 Iron Casting
30:36 Cavalier
31:50 Stone Mining
34:01 Wheelbarrow
36:06 Hand Cart
44:37 Imperial Age
45:21 Paladin
46:38 Plate Barding Armor
47:04 Blast Furnace
49:51 Conscription
49:55 Burgundian Vineyards
53:38 Caravan
55:14 Chemistry
54:26 Masonry
56:39 Fletching
|GaoeG| Ratarax
8:09 Loom
10:51 Feudal Age
20:50 Castle Age
19:11 Scale Barding Armor
23:48 Horse Collar
25:24 Chain Barding Armor
25:25 Stone Mining
27:20 Stone Shaft Mining
28:22 Wheelbarrow
28:24 Forging
29:28 Bloodlines
32:32 Gold Mining
32:36 Fletching
32:47 Padded Archer Armor
33:19 Bodkin Arrow
34:06 Kasbah
35:03 Hand Cart
38:53 Ballistics
40:30 Leather Archer Armor
42:26 Husbandry
43:25 Town Watch
45:10 Gold Shaft Mining
47:14 Imperial Age
47:08 Double-Bit Axe
48:31 Ring Archer Armor
48:01 Bracer
51:06 Chemistry
50:29 Light Cavalry
51:16 Hussar
53:07 Heavy Camel Rider
55:34 Plate Barding Armor
56:16 Elite Camel Archer
59:10 Maghrebi Camels
59:36 Conscription
61:56 Hoardings
Queboocha
8:37 Loom
9:45 Loom
12:12 Feudal Age
18:24 Castle Age
17:45 Scale Barding Armor
17:56 Bloodlines
18:01 Horse Collar
23:22 Chain Barding Armor
26:02 Forging
32:03 Husbandry
34:06 Iron Casting
37:48 Wheelbarrow
39:29 Hand Cart
44:03 Imperial Age
42:06 Town Watch
43:29 Fletching
43:50 Cavalier
45:30 Plate Barding Armor
44:56 Heavy Camel Rider
48:35 Savar
48:58 Light Cavalry
51:23 Blast Furnace
56:35 Conscription
59:58 Kamandaran
60:14 Citadels
fat_dgk
0:36 Loom
10:42 Feudal Age
17:20 Castle Age
17:54 Double-Bit Axe
23:35 Sanctity
26:21 Wheelbarrow
30:30 Hand Cart
30:53 Fervor
30:54 Redemption
33:27 Fletching
36:21 Imperial Age
34:19 Bodkin Arrow
37:05 Bracer
36:34 Elite Composite Bowman
37:35 Conscription
39:34 Ballistics
40:15 Chemistry
40:44 Padded Archer Armor
42:59 Leather Archer Armor
43:25 Elite Genitour
45:50 Bloodlines
45:40 Husbandry
46:13 Ring Archer Armor
47:21 Gold Mining
47:42 Bow Saw
48:28 Guilds
48:49 Coinage
48:18 Stone Mining
48:18 Elite Skirmisher
49:56 Scale Mail Armor
50:07 Forging
49:58 Squires
49:44 Gambesons
49:19 Man-at-Arms
50:51 Arson
51:23 Chain Mail Armor
50:43 Pikeman
51:19 Halberdier
52:35 Iron Casting
52:54 Halberdier
53:05 Light Cavalry
53:52 Scale Barding Armor
54:48 Blast Furnace
55:20 Bombard Tower
54:41 Treadmill Crane
55:27 Chain Barding Armor
54:42 Long Swordsman
56:53 Plate Mail Armor
55:50 Two-Handed Swordsman
58:52 Capped Ram
veginality
0:34 Loom
10:22 Feudal Age
15:15 Castle Age
13:20 Double-Bit Axe
22:31 Fletching
26:24 Bodkin Arrow
27:11 Ballistics
33:35 Husbandry
33:46 Bloodlines
37:31 Thumb Ring
38:25 Town Watch
39:13 Padded Archer Armor
44:22 Imperial Age
42:45 Leather Archer Armor
43:23 Nomads
45:36 Wheelbarrow
45:12 Bow Saw
44:46 Horse Collar
45:13 Bracer
46:16 Chemistry
46:06 Conscription
46:09 Capped Ram
47:17 Elite Skirmisher
48:10 Elite Mangudai
50:10 Drill
50:20 Scale Barding Armor
50:25 Forging
50:55 Masonry
51:33 Siege Ram
54:16 Coinage
53:29 Light Cavalry
54:32 Chain Barding Armor
54:47 Iron Casting
55:52 Banking
55:41 Siege Engineers
57:09 Murder Holes
61:04 Blast Furnace
60:32 Hussar
ionut_s
0:40 Loom
15:43 Feudal Age
17:10 Wheelbarrow
16:21 Horse Collar
16:42 Double-Bit Axe
19:37 Gold Mining
20:54 Stone Mining
24:27 Castle Age
24:39 Bloodlines
24:39 Scale Barding Armor
24:44 Forging
25:20 Husbandry
30:13 Stone Shaft Mining
39:56 Imperial Age
41:12 Gold Shaft Mining
41:52 Hand Cart
41:52 Heavy Plow
43:02 Conscription
43:10 Chain Barding Armor
44:17 Parthian Tactics
43:57 Thumb Ring
43:58 Padded Archer Armor
43:49 Fletching
46:14 Ming Guang Armor
46:48 Hoardings
46:14 Town Watch
46:54 Elite Tiger Cavalry
49:48 Tuntian
50:53 Iron Casting
50:17 Bodkin Arrow
50:37 Leather Archer Armor
54:43 Squires
54:04 Pikeman
54:29 Arson
55:31 Halberdier
56:35 Scale Mail Armor
58:32 Chain Mail Armor
59:17 Blast Furnace
badcipri
0:37 Loom
13:09 Feudal Age
14:00 Double-Bit Axe
18:09 Castle Age
26:23 Bloodlines
30:08 Husbandry
29:50 Pikeman
33:15 Horse Collar
33:55 Scale Barding Armor
34:50 Wheelbarrow
36:50 Hand Cart
38:17 Gold Mining
41:55 Imperial Age
39:50 Chain Barding Armor
39:41 Forging
40:14 Squires
40:30 Heavy Plow
40:33 Scale Mail Armor
40:17 Vendel Legacy
42:42 Iron Casting
42:42 Town Watch
42:25 Cavalier
43:55 Plate Barding Armor
44:02 Conscription
47:31 Blast Furnace
46:47 Chain Mail Armor
46:50 Light Cavalry
48:05 Hussar
54:14 Elite Skirmisher
57:00 Bow Saw
56:33 Halberdier
redcosmosan
8:27 Loom
11:56 Feudal Age
17:54 Castle Age
18:30 Crossbowman
20:59 Horse Collar
32:10 Thumb Ring
36:58 Ballistics
45:18 Imperial Age
43:29 Wheelbarrow
48:36 Pikeman
49:17 Squires
50:12 Conscription
49:16 Shield Wall
49:23 Arbalester
51:29 Gold Mining
53:17 Chemistry
52:52 Halberdier
56:26 Scale Mail Armor
Connection lost

Rejoining the realm…

Still unreachable

The connection could not be restored.

Session expired

The server has moved on; the page needs a fresh start.